TOP OF THE 1ST |
New York Mets batting - Pitching for Philadelphia Phillies : LHP Larry McWilliams
|
Pitching: LHP Larry McWilliams
|
|
Batting: RHB Dave Concepcion
|
0-0: Ball 1-0: Fly out, F7 (Flyball, 78M, EV 85.6 MPH)
|
Batting: RHB Jason Sickman
|
0-0: Fly out, F2 (Popup, 2LF, EV 96.9 MPH)
|
Batting: LHB Lyman Bostock
|
0-0: Ball 1-0: Called Strike 1-1: Ground out 6-3 (Groundball, 6, EV 85.6 MPH)
|
Top of the 1st over - 0 runs, 0 hits, 0 errors, 0 left on base; New York 0 - Philadelphia 0 |
BOTTOM OF THE 1ST |
Philadelphia Phillies batting - Pitching for New York Mets : LHP Rick Jones
|
Pitching: LHP Rick Jones
|
|
Batting: RHB Andy Ramirez
|
0-0: Ball 1-0: Fly out, F8 (Flyball, 89D, EV 96.3 MPH)
|
Batting: RHB Paul Molitor
|
0-0: Ball 1-0: Foul Ball, location: 2F 1-1: Ball 2-1: Ball 3-1: SINGLE (Groundball, 56D, EV 95.0 MPH)
|
Batting: LHB Tony Gwynn
|
0-0: Ball Paul Molitor is caught stealing 2nd base 2-6 1-0: Swinging Strike 1-1: Foul Ball, location: 2F 1-2: Ball 2-2: Foul Ball, location: 2F 2-2: Ball 3-2: SINGLE (Groundball, 6M, EV 83.8 MPH) (infield hit)
|
Batting: RHB Candy Maldonado
|
0-0: Ball Tony Gwynn steals 2nd base (no throw) 1-0: Ground out 6-3 (Groundball, 6, EV 86.9 MPH)
|
Bottom of the 1st over - 0 runs, 2 hits, 0 errors, 1 left on base; New York 0 - Philadelphia 0 |
TOP OF THE 2ND |
New York Mets batting - Pitching for Philadelphia Phillies : LHP Larry McWilliams
|
Batting: RHB Garry Maddox
|
0-0: Ball 1-0: DOUBLE (Flyball, 78XD, EV 97.5 MPH)
|
Batting: LHB John Kruk
|
0-0: Called Strike 0-1: Called Strike 0-2: Ball 1-2: Ball 2-2: Ball 3-2: Strikes out swinging
|
Batting: RHB Gary Redus
|
0-0: Ball 1-0: Called Strike 1-1: Called Strike 1-2: Ground out 5-3 (Groundball, 56S, EV 71.3 MPH) Garry Maddox to third
|
Batting: RHB Ray Knight
|
0-0: Fly out, F9 (Line Drive, 9D, EV 87.5 MPH)
|
Top of the 2nd over - 0 runs, 1 hit, 0 errors, 1 left on base; New York 0 - Philadelphia 0 |
BOTTOM OF THE 2ND |
Philadelphia Phillies batting - Pitching for New York Mets : LHP Rick Jones
|
Batting: LHB Ken Phelps
|
0-0: Ball 1-0: Called Strike 1-1: Ball 2-1: Ball 3-1: Base on Balls
|
Batting: RHB Andre Dawson
|
0-0: SINGLE (Groundball, 4MD, EV 100.6 MPH) Ken Phelps to second
|
Batting: LHB Lou Whitaker
|
0-0: Reached via error on a dropped throw from 3B, E4 (Groundball, 56, EV 99.4 MPH) Ken Phelps to third Andre Dawson to second
|
Batting: RHB Jody Davis
|
0-0: Ball 1-0: Ball 2-0: Fly out, F8 (Flyball, 8LM, EV 85.6 MPH) Runner from 3rd tags up, SCORES, throw by CF
|
Batting: LHB Larry McWilliams
|
0-0: Bunted foul 0-1: Bunted foul 0-2: Ball 1-2: Sac Bunt to 15S - play at first, batter OUT! 1-4 Andre Dawson to third Lou Whitaker to second
|
Batting: RHB Andy Ramirez
|
0-0: Called Strike 0-1: Ball 1-1: SINGLE (Line Drive, 56D, EV 101.3 MPH) Andre Dawson scores Lou Whitaker to third Runner from 3rd tries for Home, SAFE, throw by LF to home
|
Batting: RHB Paul Molitor
|
0-0: Ball 1-0: Called Strike 1-1: Ball 2-1: SINGLE (Flyball, 8RS, EV 85.6 MPH) Andy Ramirez to second Runner from 2nd tries for 3rd, SAFE, throw by CF made to third
|
Batting: LHB Tony Gwynn
|
0-0: Ball 1-0: Called Strike 1-1: Fielders Choice at 2nd, 6-4 (Groundball, 6, EV 91.3 MPH)
|
Bottom of the 2nd over - 3 runs, 3 hits, 1 error, 2 left on base; New York 0 - Philadelphia 3 |
TOP OF THE 3RD |
New York Mets batting - Pitching for Philadelphia Phillies : LHP Larry McWilliams
|
Batting: RHB Bill Almon
|
0-0: Ball 1-0: Swinging Strike 1-1: Ball 2-1: SINGLE (Groundball, 56D, EV 109.4 MPH)
|
Batting: LHB Rick Jones
|
0-0: Sac Bunt to 15 - play at first, batter OUT! 1-4 Bill Almon to second
|
Batting: RHB Dave Concepcion
|
0-0: Ground out 6-3 (Groundball, 6, EV 105.0 MPH)
|
Batting: RHB Jason Sickman
|
0-0: Foul Ball, location: 2F 0-1: Ball 1-1: Ball 2-1: Called Strike 2-2: Ball 3-2: Base on Balls
|
Batting: LHB Lyman Bostock
|
0-0: Foul Ball, location: 2F 0-1: Ball 1-1: Fly out, F8 (Flyball, 8LD, EV 102.5 MPH)
|
Top of the 3rd over - 0 runs, 1 hit, 0 errors, 2 left on base; New York 0 - Philadelphia 3 |
BOTTOM OF THE 3RD |
Philadelphia Phillies batting - Pitching for New York Mets : LHP Rick Jones
|
Batting: RHB Candy Maldonado
|
0-0: Ball 1-0: Foul Ball, location: 2F 1-1: Foul Ball, location: 2F 1-2: Ball 2-2: Strikes out swinging
|
Batting: LHB Ken Phelps
|
0-0: Ball 1-0: Called Strike 1-1: Ball 2-1: Foul Ball, location: 2F 2-2: Foul Ball, location: 2F 2-2: Foul Ball, location: 2F 2-2: Foul Ball, location: 2F 2-2: Ball 3-2: Ground out 5-3 (Groundball, 5L, EV 100.6 MPH)
|
Batting: RHB Andre Dawson
|
0-0: Foul Ball, location: 2F 0-1: Swinging Strike 0-2: Strikes out swinging
|
Bottom of the 3rd over - 0 runs, 0 hits, 0 errors, 0 left on base; New York 0 - Philadelphia 3 |
TOP OF THE 4TH |
New York Mets batting - Pitching for Philadelphia Phillies : LHP Larry McWilliams
|
Batting: RHB Garry Maddox
|
0-0: Foul Ball, location: 2F 0-1: Foul Ball, location: 2F 0-2: Ball 1-2: Foul Ball, location: 2F 1-2: Ball 2-2: Foul Ball, location: 2F 2-2: Ball 3-2: Base on Balls
|
Batting: LHB John Kruk
|
0-0: Ball 1-0: Called Strike 1-1: Grounds into double play, 4-6-3 (Groundball, 4, EV 107.5 MPH)
|
Batting: RHB Gary Redus
|
0-0: Swinging Strike 0-1: Ball 1-1: Ground out 6-3 (Groundball, 6M, EV 101.9 MPH)
|
Top of the 4th over - 0 runs, 0 hits, 0 errors, 0 left on base; New York 0 - Philadelphia 3 |
BOTTOM OF THE 4TH |
Philadelphia Phillies batting - Pitching for New York Mets : LHP Rick Jones
|
Batting: LHB Lou Whitaker
|
0-0: Swinging Strike 0-1: Swinging Strike 0-2: Strikes out swinging
|
Batting: RHB Jody Davis
|
0-0: Ball 1-0: Ball 2-0: SINGLE (Line Drive, 5D, EV 102.5 MPH)
|
Batting: LHB Larry McWilliams
|
0-0: Sac Bunt to 13 - play at first, batter OUT! 1-4 Jody Davis to second
|
Batting: RHB Andy Ramirez
|
0-0: Foul Ball, location: 2F 0-1: Foul Ball, location: 2F 0-2: Fly out, F7 (Flyball, 7, EV 93.1 MPH)
|
Bottom of the 4th over - 0 runs, 1 hit, 0 errors, 1 left on base; New York 0 - Philadelphia 3 |
TOP OF THE 5TH |
New York Mets batting - Pitching for Philadelphia Phillies : LHP Larry McWilliams
|
Batting: RHB Ray Knight
|
0-0: Ball 1-0: Ball 2-0: Called Strike 2-1: Ground out 6-3 (Groundball, 56, EV 99.4 MPH)
|
Batting: RHB Bill Almon
|
0-0: Fly out, F7 (Flyball, 7LS, EV 83.1 MPH)
|
Batting: LHB Rick Jones
|
0-0: Called Strike 0-1: Ball 1-1: Swinging Strike 1-2: Ball 2-2: Foul Ball, location: 2F 2-2: Strikes out swinging
|
Top of the 5th over - 0 runs, 0 hits, 0 errors, 0 left on base; New York 0 - Philadelphia 3 |
BOTTOM OF THE 5TH |
Philadelphia Phillies batting - Pitching for New York Mets : LHP Rick Jones
|
Batting: RHB Paul Molitor
|
0-0: Called Strike 0-1: Ball 1-1: Ball 2-1: SINGLE (Flyball, 89S, EV 85.0 MPH)
|
Batting: LHB Tony Gwynn
|
0-0: Ball 1-0: SINGLE (Groundball, 56D, EV 96.9 MPH) Paul Molitor to second Runner from 2nd tries for 3rd, SAFE, throw by LF made to third
|
Batting: RHB Candy Maldonado
|
0-0: Ball 1-0: Ground out 5-3 (Groundball, 56S, EV 71.9 MPH) Paul Molitor scores Tony Gwynn to second
|
Batting: LHB Ken Phelps
|
0-0: Ball 1-0: Ball 2-0: SINGLE (Line Drive, 5D, EV 93.8 MPH) Tony Gwynn to third Runner from 3rd tries for Home, SAFE, throw by LF to home
|
Batting: RHB Andre Dawson
|
0-0: Ball 1-0: Called Strike 1-1: Ball 2-1: Grounds into double play, 6-4-3 (Groundball, 6, EV 86.3 MPH)
|
Bottom of the 5th over - 2 runs, 3 hits, 0 errors, 0 left on base; New York 0 - Philadelphia 5 |
TOP OF THE 6TH |
New York Mets batting - Pitching for Philadelphia Phillies : LHP Larry McWilliams
|
Batting: RHB Dave Concepcion
|
0-0: Foul Ball, location: 2F 0-1: Fly out, F8 (Flyball, 8RS, EV 77.5 MPH)
|
Batting: RHB Jason Sickman
|
0-0: Fly out, F8 (Flyball, 78S, EV 93.1 MPH)
|
Batting: LHB Lyman Bostock
|
0-0: Ball 1-0: Ground out 4-3 (Groundball, 34D, EV 110.0 MPH)
|
Top of the 6th over - 0 runs, 0 hits, 0 errors, 0 left on base; New York 0 - Philadelphia 5 |
BOTTOM OF THE 6TH |
Philadelphia Phillies batting - Pitching for New York Mets : LHP Rick Jones
|
Batting: LHB Lou Whitaker
|
0-0: Ball 1-0: DOUBLE (Flyball, 7LD, EV 94.4 MPH)
|
Batting: RHB Jody Davis
|
0-0: Ground out U3 (Groundball, 3S, EV 85.0 MPH) Lou Whitaker to third
|
Batting: LHB Larry McWilliams
|
0-0: Ball 1-0: Ground out U3 (Groundball, 34, EV 88.1 MPH) Lou Whitaker scores
|
Batting: RHB Andy Ramirez
|
0-0: Ball 1-0: Ball 2-0: Called Strike 2-1: Fly out, F8 (Line Drive, 8LD, EV 86.3 MPH)
|
Bottom of the 6th over - 1 run, 1 hit, 0 errors, 0 left on base; New York 0 - Philadelphia 6 |
TOP OF THE 7TH |
New York Mets batting - Pitching for Philadelphia Phillies : LHP Larry McWilliams
|
Batting: RHB Garry Maddox
|
0-0: Called Strike 0-1: Ball 1-1: Ball 2-1: Called Strike 2-2: Foul Ball, location: 2F 2-2: Foul Ball, location: 2F 2-2: Strikes out looking
|
Batting: LHB John Kruk
|
0-0: Swinging Strike 0-1: Ball 1-1: Ball 2-1: Foul Ball, location: 2F 2-2: Fly out, F8 (Flyball, 78D, EV 99.4 MPH)
|
Batting: RHB Gary Redus
|
0-0: Ground out 1-3 (Groundball, 13, EV 67.5 MPH)
|
Top of the 7th over - 0 runs, 0 hits, 0 errors, 0 left on base; New York 0 - Philadelphia 6 |
BOTTOM OF THE 7TH |
Philadelphia Phillies batting - Pitching for New York Mets : LHP Rick Jones
|
Pitching: RHP Raymond Price
|
|
Batting: RHB Paul Molitor
|
0-0: Foul Ball, location: 2F 0-1: Foul Ball, location: 2F 0-2: Ball 1-2: Foul Ball, location: 2F 1-2: SOLO HOME RUN (Flyball, 9LD, EV 101.9 MPH), Distance : 361 ft
|
Pinch Hitting: LHB Rick Lancellotti
|
0-0: Ball 1-0: Foul Ball, location: 2F 1-1: Foul Ball, location: 2F 1-2: Ground out 1-3 (Groundball, 13S, EV 62.5 MPH)
|
Pinch Hitting: RHB Mike Diaz
|
0-0: Called Strike 0-1: Ball 1-1: Foul Ball, location: 2F 1-2: Strikes out looking
|
Pinch Hitting: LHB Cecil Cooper
|
0-0: Ball 1-0: Foul Ball, location: 2F 1-1: Ground out 6-3 (Groundball, 6M, EV 97.5 MPH)
|
Bottom of the 7th over - 1 run, 1 hit, 0 errors, 0 left on base; New York 0 - Philadelphia 7 |
TOP OF THE 8TH |
New York Mets batting - Pitching for Philadelphia Phillies : LHP Larry McWilliams
|
Now at 1B: Mike Diaz
|
|
Now in CF: Rick Lancellotti
|
|
Now in RF: Cecil Cooper
|
|
Batting: RHB Ray Knight
|
0-0: Ground out U3 (Groundball, 3, EV 93.1 MPH)
|
Batting: RHB Bill Almon
|
0-0: Called Strike 0-1: Called Strike 0-2: Ball 1-2: Ball 2-2: Foul Ball, location: 2F 2-2: Ball 3-2: Ground out 4-3 (Groundball, 4M, EV 107.5 MPH)
|
Batting: RHB Raymond Price
|
0-0: Swinging Strike 0-1: Foul Ball, location: 2F 0-2: Ball 1-2: Ball 2-2: Strikes out swinging
|
Top of the 8th over - 0 runs, 0 hits, 0 errors, 0 left on base; New York 0 - Philadelphia 7 |
BOTTOM OF THE 8TH |
Philadelphia Phillies batting - Pitching for New York Mets : RHP Raymond Price
|
Batting: RHB Andre Dawson
|
0-0: Ball 1-0: Fly out, F8 (Line Drive, 8RD, EV 106.9 MPH)
|
Batting: LHB Lou Whitaker
|
0-0: Called Strike 0-1: Foul Ball, location: 2F 0-2: Foul Ball, location: 2F 0-2: Ball 1-2: Ball 2-2: Fly out, F9 (Flyball, 9, EV 91.9 MPH)
|
Batting: RHB Jody Davis
|
0-0: DOUBLE (Flyball, 89D, EV 107.5 MPH)
|
Batting: LHB Larry McWilliams
|
0-0: Called Strike 0-1: Swinging Strike 0-2: Ground out 6-3 (Groundball, 6, EV 85.0 MPH)
|
Bottom of the 8th over - 0 runs, 1 hit, 0 errors, 1 left on base; New York 0 - Philadelphia 7 |
TOP OF THE 9TH |
New York Mets batting - Pitching for Philadelphia Phillies : LHP Larry McWilliams
|
Batting: RHB Dave Concepcion
|
0-0: Called Strike 0-1: Fly out, F9 (Flyball, 89M, EV 94.4 MPH)
|
Pinch Hitting: LHB Terry Kennedy
|
0-0: Called Strike 0-1: Foul Ball, location: 2F 0-2: Ball 1-2: SINGLE (Flyball, 8LS, EV 91.3 MPH)
|
Batting: LHB Lyman Bostock
|
0-0: SINGLE (Line Drive, 89S, EV 96.3 MPH) Terry Kennedy to second
|
Batting: RHB Garry Maddox
|
0-0: Ground out 6-3 (Groundball, 6M, EV 83.8 MPH) Terry Kennedy to third Lyman Bostock to second
|
Batting: LHB John Kruk
|
0-0: Ball 1-0: Ball 2-0: DOUBLE (Flyball, 8RXD, EV 97.5 MPH) Terry Kennedy scores Lyman Bostock scores
|
Batting: RHB Gary Redus
|
0-0: Ball 1-0: Swinging Strike 1-1: Swinging Strike 1-2: Strikes out swinging
|
Top of the 9th over - 2 runs, 3 hits, 0 errors, 1 left on base; New York 2 - Philadelphia 7 |
|